NYP
IDAHO FALLS CHUKARS @ HUDSON VALLEY RENEGADES
09/10/2044
 
TOP OF THE 1ST
Idaho Falls Chukars batting - Pitching for Hudson Valley Renegades : RHP David Zupon
Pitching: RHP David Zupon
Batting: RHB Eric Erickson 0-0: Called Strike
0-1: Hit by Pitch
Batting: RHB Ken Postlethwaite 0-0: Called Strike
Eric Erickson steals 2nd, throwing error, E2
Eric Erickson to third
0-1: Ball
1-1: Ball
2-1: Foul Ball, location: 2F
2-2: Foul Ball, location: 2F
2-2: Ground out 5-3 (Groundball, 56, EV 79.4 MPH)
Eric Erickson scores
Batting: RHB Nate De Jongh 0-0: Ball
1-0: Ball
2-0: Ball
3-0: Called Strike
3-1: Called Strike
3-2: Strikes out looking
Batting: RHB Jeremy Haun 0-0: SINGLE (Flyball, 3D, EV 88.8 MPH)
Batting: RHB Kevin Allen 0-0: Called Strike
0-1: DOUBLE (Flyball, 89XD, EV 101.3 MPH)
Jeremy Haun to third
Batting: RHB Ben Minge 0-0: Swinging Strike
0-1: Foul Ball, location: 2F
0-2: Foul Ball, location: 2F
0-2: Ground out 1-3 (Groundball, 25, EV 73.1 MPH)
Top of the 1st over - 1 run, 2 hits, 1 error, 2 left on base; Idaho Falls 1 - Hudson Valley 0
BOTTOM OF THE 1ST
Hudson Valley Renegades batting - Pitching for Idaho Falls Chukars : LHP Chris Shoemaker
Pitching: LHP Chris Shoemaker
Batting: RHB Jesse Haddad 0-0: Called Strike
0-1: Ball
1-1: Ball
2-1: Foul Ball, location: 2F
2-2: Foul Ball, location: 2F
2-2: Foul Ball, location: 2F
2-2: Fly out, F4 (Flyball, 34D, EV 75.6 MPH)
Batting: RHB Chris Glavin 0-0: Ball
1-0: Ball
2-0: Ball
3-0: Base on Balls
Batting: RHB Freddy Mullen 0-0: 2-RUN HOME RUN (Flyball, 7LD, EV 94.4 MPH), Distance : 344 ft
Batting: SHB Suljo Dokic 0-0: Ball
1-0: Called Strike
1-1: Ball
2-1: Called Strike
2-2: Ball
3-2: Base on Balls
Batting: RHB Mark Richert 0-0: Foul Ball, location: 2F
0-1: Ball
1-1: Ball
2-1: Foul Ball, location: 2F
2-2: Ball
3-2: Foul Ball, location: 2F
3-2: Base on Balls
Suljo Dokic to second
Batting: LHB Dan Hunt 0-0: Ball
1-0: Called Strike
1-1: Ball
2-1: Fly out, F8 (Flyball, 8RD, EV 86.9 MPH)
Batting: RHB Gabriel Duarte 0-0: Called Strike
0-1: Swinging Strike
0-2: Strikes out swinging
Bottom of the 1st over - 2 runs, 1 hit, 0 errors, 2 left on base; Idaho Falls 1 - Hudson Valley 2
TOP OF THE 2ND
Idaho Falls Chukars batting - Pitching for Hudson Valley Renegades : RHP David Zupon
Batting: RHB Eric Dyer 0-0: Called Strike
0-1: Foul Ball, location: 2F
0-2: Fly out, F8 (Flyball, 8RS, EV 90.6 MPH)
Batting: RHB Edwin Ramos 0-0: Called Strike
0-1: Ball
1-1: Ball
2-1: Foul Ball, location: 2F
2-2: Strikes out swinging
Batting: RHB Timotheus Cooper 0-0: Ball
1-0: Swinging Strike
1-1: Ground out 2-3 (Groundball, 2R, EV 65.0 MPH)
Top of the 2nd over - 0 runs, 0 hits, 0 errors, 0 left on base; Idaho Falls 1 - Hudson Valley 2
BOTTOM OF THE 2ND
Hudson Valley Renegades batting - Pitching for Idaho Falls Chukars : LHP Chris Shoemaker
Batting: SHB Josif Popovski 0-0: Ball
1-0: Ball
2-0: Foul Ball, location: 2F
2-1: Foul Ball, location: 2F
2-2: Ball
3-2: Base on Balls
Batting: SHB Tirta Subandrio 0-0: Ball
Wild Pitch!
Josif Popovski to second
1-0: Called Strike
1-1: Swinging Strike
1-2: Strikes out looking
Batting: RHB Jesse Haddad 0-0: Ball
1-0: Ball
2-0: Called Strike
2-1: SINGLE (Groundball, 5S, EV 60.0 MPH) (infield hit)
Josif Popovski to third
Batting: RHB Chris Glavin 0-0: Ball
1-0: Ball
2-0: Foul Ball, location: 2F
2-1: Fly out, F6 (Popup, 6M, EV 53.8 MPH)
Batting: RHB Freddy Mullen 0-0: Called Strike
0-1: Called Strike
0-2: Ball
1-2: Foul Ball, location: 2F
1-2: Ball
2-2: Foul Ball, location: 2F
2-2: Foul Ball, location: 2F
2-2: Ball
3-2: Foul Ball, location: 2F
3-2: Base on Balls
Jesse Haddad to second
Batting: SHB Suljo Dokic 0-0: SINGLE (Groundball, 4MD, EV 98.1 MPH)
Josif Popovski scores
Jesse Haddad to third
Freddy Mullen to second
Runner from 3rd tries for Home, SAFE, throw by CF to home
Batting: RHB Mark Richert 0-0: Ball
1-0: Called Strike
1-1: Ball
2-1: Ball
3-1: Ground out 4-3 (Groundball, 4, EV 99.4 MPH)
Bottom of the 2nd over - 2 runs, 2 hits, 0 errors, 2 left on base; Idaho Falls 1 - Hudson Valley 4
TOP OF THE 3RD
Idaho Falls Chukars batting - Pitching for Hudson Valley Renegades : RHP David Zupon
Now in RF: Killian Chaumont
Batting: RHB Eric Erickson 0-0: Called Strike
0-1: Ball
1-1: Ground out 6-3 (Groundball, 6, EV 85.6 MPH)
Batting: RHB Ken Postlethwaite 0-0: Ball
1-0: Called Strike
1-1: Ground out 6-3 (Groundball, 6, EV 98.1 MPH)
Batting: RHB Nate De Jongh 0-0: Ball
1-0: Ball
2-0: DOUBLE (Line Drive, 9LD, EV 108.8 MPH)
Batting: RHB Jeremy Haun 0-0: Ground out 6-3 (Groundball, 6D, EV 106.9 MPH)
Top of the 3rd over - 0 runs, 1 hit, 0 errors, 1 left on base; Idaho Falls 1 - Hudson Valley 4
BOTTOM OF THE 3RD
Hudson Valley Renegades batting - Pitching for Idaho Falls Chukars : LHP Chris Shoemaker
Batting: LHB Dan Hunt 0-0: Ground out 6-3 (Groundball, 6S, EV 92.5 MPH)
Batting: RHB Gabriel Duarte 0-0: Ball
1-0: Called Strike
1-1: Called Strike
1-2: Strikes out swinging
Batting: SHB Josif Popovski 0-0: Ground out 4-3 (Groundball, 4, EV 91.9 MPH)
Bottom of the 3rd over - 0 runs, 0 hits, 0 errors, 0 left on base; Idaho Falls 1 - Hudson Valley 4
TOP OF THE 4TH
Idaho Falls Chukars batting - Pitching for Hudson Valley Renegades : RHP David Zupon
Batting: RHB Kevin Allen 0-0: Ball
1-0: Foul Ball, location: 2F
1-1: Ball
2-1: Ball
3-1: Ground out 6-3 (Groundball, 6, EV 106.3 MPH)
Batting: RHB Ben Minge 0-0: Ball
1-0: Fly out, F8 (Flyball, 8LD, EV 98.8 MPH)
Batting: RHB Eric Dyer 0-0: Ball
1-0: Foul Ball, location: 2F
1-1: Foul Ball, location: 2F
1-2: Strikes out looking
Top of the 4th over - 0 runs, 0 hits, 0 errors, 0 left on base; Idaho Falls 1 - Hudson Valley 4
BOTTOM OF THE 4TH
Hudson Valley Renegades batting - Pitching for Idaho Falls Chukars : LHP Chris Shoemaker
Batting: SHB Tirta Subandrio 0-0: Ball
1-0: Ground out 5-3 (Groundball, 56S, EV 86.3 MPH)
Batting: LHB Killian Chaumont 0-0: Ball
1-0: Fly out, F4 (Line Drive, 4, EV 68.8 MPH)
Batting: RHB Chris Glavin 0-0: Ball
1-0: Reached on error, E6 (Groundball, 6, EV 110.6 MPH)
Batting: RHB Freddy Mullen 0-0: Ball
1-0: Ball
2-0: Called Strike
2-1: Ball
3-1: Called Strike
3-2: Base on Balls
Chris Glavin to second
Batting: SHB Suljo Dokic 0-0: Foul Ball, location: 2F
0-1: Called Strike
0-2: Foul Ball, location: 2F
0-2: Strikes out swinging
Bottom of the 4th over - 0 runs, 0 hits, 1 error, 2 left on base; Idaho Falls 1 - Hudson Valley 4
TOP OF THE 5TH
Idaho Falls Chukars batting - Pitching for Hudson Valley Renegades : RHP David Zupon
Batting: RHB Edwin Ramos 0-0: Called Strike
0-1: Swinging Strike
0-2: Strikes out swinging
Batting: RHB Timotheus Cooper 0-0: Ball
1-0: Ground out 1-3 (Groundball, 13S, EV 74.4 MPH)
Batting: RHB Eric Erickson 0-0: Ball
1-0: Ball
2-0: Ball
3-0: Base on Balls
Batting: RHB Ken Postlethwaite 0-0: Called Strike
Eric Erickson steals 2nd base
0-1: Ball
1-1: DOUBLE (Flyball, 78D, EV 86.9 MPH)
Eric Erickson scores
Batting: RHB Nate De Jongh 0-0: Called Strike
0-1: Ball
1-1: Ball
2-1: Ball
3-1: Base on Balls
Batting: RHB Jeremy Haun 0-0: Called Strike
0-1: Ball
Passed Ball!
Ken Postlethwaite to third
Nate De Jongh to second
1-1: Ball
Passed Ball!
Ken Postlethwaite scores
Nate De Jongh to third
2-1: Swinging Strike
2-2: Foul Ball, location: 2F
2-2: Foul Ball, location: 2F
2-2: Foul Ball, location: 2F
2-2: Strikes out swinging
Top of the 5th over - 2 runs, 1 hit, 0 errors, 1 left on base; Idaho Falls 3 - Hudson Valley 4
BOTTOM OF THE 5TH
Hudson Valley Renegades batting - Pitching for Idaho Falls Chukars : LHP Chris Shoemaker
Batting: RHB Mark Richert 0-0: Called Strike
0-1: Foul Ball, location: 2F
0-2: Strikes out looking
Batting: LHB Dan Hunt 0-0: Called Strike
0-1: Ground out 6-3 (Groundball, 6, EV 106.9 MPH)
Batting: RHB Gabriel Duarte 0-0: Called Strike
0-1: Ball
1-1: Ball
2-1: Foul Ball, location: 2F
2-2: Ball
3-2: Foul Ball, location: 2F
3-2: Foul Ball, location: 2F
3-2: Base on Balls
Batting: SHB Josif Popovski 0-0: Ball
1-0: Ball
2-0: Called Strike
2-1: Foul Ball, location: 2F
2-2: Strikes out swinging
Bottom of the 5th over - 0 runs, 0 hits, 0 errors, 1 left on base; Idaho Falls 3 - Hudson Valley 4
TOP OF THE 6TH
Idaho Falls Chukars batting - Pitching for Hudson Valley Renegades : RHP David Zupon
Batting: RHB Kevin Allen 0-0: Ball
1-0: Swinging Strike
1-1: Swinging Strike
1-2: Foul Ball, location: 2F
1-2: Ball
2-2: Foul Ball, location: 2F
2-2: Strikes out swinging
Pitching: RHP Juan Estrella
Batting: RHB Ben Minge 0-0: Ball
1-0: Ball
2-0: Ball
3-0: Base on Balls
DELAY Rain delay of 29 minutes in the 6th inning.
Batting: RHB Eric Dyer 0-0: Ball
1-0: Ball
2-0: Called Strike
2-1: Swinging Strike
2-2: Ball
3-2: Foul Ball, location: 2F
3-2: DOUBLE (Line Drive, 78D, EV 101.9 MPH)
Ben Minge to third
Batting: RHB Edwin Ramos 0-0: Called Strike
0-1: Foul Ball, location: 2F
0-2: Ball
1-2: Ball
2-2: SINGLE (Groundball, 6M, EV 87.5 MPH) (infield hit)
Ben Minge scores
Eric Dyer to third
Pinch Hitting: LHB Joe Cozart 0-0: Ground out U3 (Groundball, 3S, EV 85.6 MPH)
Edwin Ramos to second
Batting: RHB Eric Erickson Balk!
Eric Dyer scores
Edwin Ramos to third
0-0: Ball
1-0: Ball
2-0: Ball
3-0: Base on Balls
Batting: RHB Ken Postlethwaite 0-0: Foul Ball, location: 2F
0-1: Ball
1-1: Ball
2-1: Foul Ball, location: 2F
2-2: Foul Ball, location: 2F
2-2: Strikes out swinging
Top of the 6th over - 2 runs, 2 hits, 0 errors, 2 left on base; Idaho Falls 5 - Hudson Valley 4
BOTTOM OF THE 6TH
Hudson Valley Renegades batting - Pitching for Idaho Falls Chukars : LHP Chris Shoemaker
Pitching: LHP Randy Stapleton
Now at 1B: Edite Leoni
Pinch Hitting: RHB Orlando Herrera 0-0: Ground out 5-3 (Groundball, 5L, EV 87.5 MPH)
Batting: LHB Killian Chaumont 0-0: Ball
1-0: Ball
2-0: Ball
3-0: Called Strike
3-1: Foul Ball, location: 2F
3-2: Foul Ball, location: 2F
3-2: Foul Ball, location: 2F
3-2: Ground out 1-3 (Groundball, 34S, EV 68.8 MPH)
Batting: RHB Chris Glavin 0-0: Called Strike
0-1: Foul Ball, location: 2F
0-2: Fly out, F7 (Line Drive, 7, EV 89.4 MPH)
Bottom of the 6th over - 0 runs, 0 hits, 0 errors, 0 left on base; Idaho Falls 5 - Hudson Valley 4
TOP OF THE 7TH
Idaho Falls Chukars batting - Pitching for Hudson Valley Renegades : RHP Juan Estrella
Pitching: RHP Yang Meng
Now at SS: Orlando Herrera
Batting: RHB Nate De Jongh 0-0: Ball
1-0: Swinging Strike
1-1: Ball
2-1: Called Strike
2-2: Foul Ball, location: 2F
2-2: Ball
3-2: Foul Ball, location: 2F
3-2: Strikes out swinging
Batting: RHB Jeremy Haun 0-0: Called Strike
0-1: Fly out, F9 (Flyball, 9LS, EV 84.4 MPH)
Batting: RHB Kevin Allen 0-0: Called Strike
0-1: Foul Ball, location: 2F
0-2: Strikes out swinging
Top of the 7th over - 0 runs, 0 hits, 0 errors, 0 left on base; Idaho Falls 5 - Hudson Valley 4
BOTTOM OF THE 7TH
Hudson Valley Renegades batting - Pitching for Idaho Falls Chukars : LHP Randy Stapleton
Batting: RHB Freddy Mullen 0-0: Ball
1-0: Foul Ball, location: 2F
1-1: Ball
2-1: Ball
3-1: Foul Ball, location: 2F
3-2: Base on Balls
Batting: SHB Suljo Dokic 0-0: SINGLE (Flyball, 5D, EV 87.5 MPH)
Freddy Mullen to second
Batting: RHB Mark Richert 0-0: Called Strike
0-1: Ball
Balk!
Freddy Mullen to third
Suljo Dokic to second
1-1: Ball
2-1: Foul Ball, location: 2F
2-2: Ball
3-2: Base on Balls
Batting: LHB Dan Hunt 0-0: Ball
1-0: Ball
Wild Pitch!
Freddy Mullen scores
Suljo Dokic to third
Mark Richert to second
2-0: Ball
3-0: Called Strike
3-1: SINGLE (Groundball, 3, EV 106.3 MPH) (infield hit)
Suljo Dokic scores
Mark Richert to third
Batting: RHB Gabriel Duarte Balk!
Mark Richert scores
Dan Hunt to second
0-0: Ball
1-0: Called Strike
1-1: Foul Ball, location: 2F
1-2: Ball
2-2: Foul Ball, location: 2F
2-2: SINGLE (Flyball, 78S, EV 83.8 MPH)
Dan Hunt to third
Batting: SHB Josif Popovski 0-0: Foul Ball, location: 2F
0-1: Called Strike
0-2: Fly out, F5 (Line Drive, 5, EV 68.8 MPH)
Batting: RHB Orlando Herrera 0-0: Ball
Wild Pitch!
Dan Hunt scores
Gabriel Duarte to second
1-0: Ball
2-0: Ball
3-0: Called Strike
3-1: Base on Balls
Batting: LHB Killian Chaumont 0-0: Ball
1-0: Called Strike
1-1: Ball
2-1: Foul Ball, location: 2F
2-2: Ball
3-2: Foul Ball, location: 2F
3-2: Fielders Choice at 2nd, 5-4 (Groundball, 56, EV 86.3 MPH)
Gabriel Duarte to third
Batting: RHB Chris Glavin 0-0: Swinging Strike
0-1: Ball
1-1: Foul Ball, location: 2F
1-2: Ball
2-2: Foul Ball, location: 2F
2-2: Strikes out swinging
Bottom of the 7th over - 4 runs, 3 hits, 0 errors, 2 left on base; Idaho Falls 5 - Hudson Valley 8
TOP OF THE 8TH
Idaho Falls Chukars batting - Pitching for Hudson Valley Renegades : RHP Yang Meng
Batting: RHB Ben Minge 0-0: Fly out, F8 (Line Drive, 8LM, EV 94.4 MPH)
Batting: RHB Eric Dyer 0-0: Called Strike
0-1: Ball
1-1: Ball
2-1: Foul Ball, location: 2F
2-2: Ground out 5-3 (Groundball, 56S, EV 70.0 MPH)
Batting: RHB Edwin Ramos 0-0: Ball
1-0: Called Strike
1-1: Swinging Strike
1-2: Ball
2-2: Foul Ball, location: 2F
2-2: Foul Ball, location: 2F
2-2: Strikes out swinging
Top of the 8th over - 0 runs, 0 hits, 0 errors, 0 left on base; Idaho Falls 5 - Hudson Valley 8
BOTTOM OF THE 8TH
Hudson Valley Renegades batting - Pitching for Idaho Falls Chukars : LHP Randy Stapleton
Batting: RHB Freddy Mullen 0-0: Ball
1-0: Ball
2-0: Foul Ball, location: 2F
2-1: Foul Ball, location: 2F
2-2: Foul Ball, location: 2F
2-2: SINGLE (Groundball, P, EV 88.1 MPH) (infield hit)
Pitching: RHP Chad Sullivan
Batting: SHB Suljo Dokic 0-0: Swinging Strike
0-1: SINGLE (Groundball, 6, EV 98.8 MPH)
Freddy Mullen to second
Batting: RHB Mark Richert 0-0: Called Strike
0-1: Ball
1-1: Ball
2-1: Ball
3-1: Foul Ball, location: 2F
3-2: Foul Ball, location: 2F
3-2: Foul Ball, location: 2F
3-2: Grounds into double play, 4-6-3 (Groundball, 4, EV 102.5 MPH)
Freddy Mullen to third
Batting: LHB Dan Hunt 0-0: Swinging Strike
0-1: Ball
1-1: Reached on error, E4 (Groundball, 4, EV 92.5 MPH)
Freddy Mullen scores
Batting: RHB Gabriel Duarte 0-0: Called Strike
Dan Hunt steals 2nd base
0-1: Ball
1-1: Ground out 1-3 (Groundball, 13S, EV 65.0 MPH)
Bottom of the 8th over - 1 run, 2 hits, 1 error, 1 left on base; Idaho Falls 5 - Hudson Valley 9
TOP OF THE 9TH
Idaho Falls Chukars batting - Pitching for Hudson Valley Renegades : RHP Yang Meng
Pitching: RHP Nelson Dawson
Batting: RHB Edite Leoni 0-0: Ground out 5-3 (Groundball, 56, EV 86.9 MPH)
Batting: RHB Eric Erickson 0-0: Called Strike
0-1: Ball
1-1: Ball
2-1: Ground out 6-3 (Groundball, 6, EV 91.3 MPH)
Batting: RHB Ken Postlethwaite 0-0: Foul Ball, location: 2F
0-1: Swinging Strike
0-2: Ball
1-2: Strikes out looking
Top of the 9th over - 0 runs, 0 hits, 0 errors, 0 left on base; Idaho Falls 5 - Hudson Valley 9
Thursday, March 31st , 2022 - OOTP Baseball 22.12 Build 89